 Dungeon Crawl Stone Soup version 0.17.1-1-g73c8601 (webtiles) character file.

58 shmeve the Skirmisher (level 4, -2/48 HPs)
             Began as an Octopode Berserker on Apr 15, 2016.
             Was a Believer of Trog.
             Slain by a kobold (4 damage)
             ... on level 2 of the Dungeon.
             The game lasted 00:02:36 (1017 turns).

shmeve the Skirmisher (Octopode Berserker)          Turns: 1017, Time: 00:02:37

Health: -2/48      AC:  1    Str: 22    XL:     4   Next: 1%
Magic:  4/4        EV: 13    Int:  9    God:    Trog [**....]
Gold:   42         SH:  0    Dex: 11    Spells: 0 memorised, 3 levels left

rFire  . . .     SeeInvis .     a - +0 hand axe
rCold  . . .     Clarity  .     (no shield)
rNeg   . . .     SustAt   .     (helmet restricted)
rPois  .         Gourm    .     (no amulet)
rElec  .         Spirit   .     (no ring)
rCorr  .         Warding  .     (no ring)
rMut   .         Stasis   .     (no ring)
MR     .....                    (no ring)
Stlth  ..........               (no ring)
                                (no ring)
                                (no ring)
                                (no ring)

@: berserking, very quick, not resistant to hostile enchantments, extremely
unstealthy
A: almost no armour, amphibious, 8 rings, constrict 8, camouflage 1, gelatinous
body 1
a: Berserk, Trog's Hand, Burn Spellbooks, Renounce Religion


You were on level 2 of the Dungeon.
You worshipped Trog.
Trog was pleased with you.
You were hungry.

You visited 1 branch of the dungeon, and saw 2 of its levels.

You collected 42 gold pieces.

Inventory:

Hand Weapons
 a - a +0 hand axe (weapon)
Scrolls
 c - a scroll of blinking {unknown}
 e - 2 scrolls of teleportation {unknown}
 f - a scroll of magic mapping {unknown}
 h - a scroll of identify {unknown}
Potions
 d - 3 potions of curing {unknown}
 g - a potion of flight {unknown}
 i - a potion of resistance {unknown}
 j - a potion of heal wounds {unknown}
Comestibles
 b - 2 bread rations


   Skills:
 * Level 3.6 Fighting
 * Level 3.6 Axes
 + Level 0.8 Throwing
 * Level 3.3 Dodging
 + Level 1.3 Stealth


You had 3 spell levels left.
You didn't know any spells.

Dungeon Overview and Level Annotations

Branches:
Dungeon (2/15)

Altars:


Innate Abilities, Weirdness & Mutations

You cannot wear most types of armour.
You are amphibious.
You can wear up to eight rings at the same time.
You can use your tentacles to constrict eight enemies at once.
Your skin changes colour to match your surroundings (Stealth).
Your rubbery body absorbs attacks (AC +1).


Message History

You hit the giant cockroach.
The giant cockroach is severely wounded.
The kobold barely misses you.
You closely miss the giant cockroach. Your grab misses the giant cockroach.
The giant cockroach is severely wounded.
You hit the kobold but do no damage.
The kobold throws a stone.
The stone barely misses you. The giant cockroach barely misses you.
Unknown command.
You closely miss the giant cockroach. Your grab misses the giant cockroach.
You squeeze the giant cockroach.
You kill the giant cockroach!
Trog accepts your kill.
You have reached level 4!
You closely miss the kobold.
The rat twitches its whiskers.
The kobold hits you.
* * * LOW HITPOINT WARNING * * *
The kobold throws a stone.
The stone barely misses you. The kobold hits you.
You die...

......... .. ..##
......... ..< ....
...###### #.# ...
......... ..# ..#
......... #.# ..#
.......## #.# ..#
.......# #.######†.#
.....### #.....Kr[#
...########.##.#@#†#
............##.#K#.#
..############.#....
#.## ........
)†.##### ..#....##
†......# #..#.#.##
...###.# #..#.#.#
#.## ..... #...


You could see 2 kobolds and a rat.

Vanquished Creatures
  An adder (D:2)
  3 bats (D:1)
  2 giant cockroaches (D:2)
  9 goblins
  6 hobgoblins
  10 jackals
  2 giant geckos (D:2)
  3 giant newts
  2 kobolds (D:1)
  7 rats
45 creatures vanquished.

Notes
Turn   | Place    | Note
--------------------------------------------------------------
     0 | D:1      | shmeve the Octopode Berserker began the quest for the Orb.
     0 | D:1      | Reached XP level 1. HP: 16/16 MP: 1/1
   111 | D:1      | Reached XP level 2. HP: 19/21 MP: 2/2
   464 | D:1      | Reached ** piety under Trog
   470 | D:1      | Reached XP level 3. HP: 16/26 MP: 3/3
   855 | D:2      | Reached skill level 1 in Stealth
  1016 | D:2      | Reached XP level 4. HP: 4/32 MP: 4/4
  1016 | D:2      | HP: 2/48 [kobold (2)]
  1017 | D:2      | Slain by a kobold

Action                   |  1- 3 |  4- 6 || total
-------------------------+-------+-------++-------
Melee: Hand axe          |    74 |       ||    74
Invok: Berserk           |     1 |       ||     1
 Stab: Sleeping          |     7 |       ||     7
       Distracted        |     1 |       ||     1
